Map: Ruines d’Endion

Players

zidar

  • Race: Zerg Zerg
  • League: Gold
  • Spawn Location: 7:00

Toibner - Winner!

  • Race: Terran Terran
  • Spawn Location: 5:00

VOD

Have the link to the VOD?

Description

Time

  • Played on: May 14, 2016, 8:56 a.m.
  • Length: 7:55
Show
View Real Time Build Order
Export as new Build Order

zidar Zerg 

Build Orders: Hatch First 

Get SALT Encoding   

  12  0:01  Drone  
  13  0:12  Overlord  
  13  0:21  Drone  
  13  0:27  Extractor  
  13  0:28  Drone  
  14  0:35  Drone  
  16  0:44  Drone  
  17  0:56  Hatchery  
  16  1:00  Drone  
  16  1:03  Extractor, Drone  
  17  1:10  Drone  
  18  1:22  Spawning Pool  
  17  1:26  Drone  
  17  1:32  Drone  
  19  1:44  Drone  
  20  1:50  Overlord  
  20  2:00  Overlord  
  20  2:15  Metabolic Boost  
  20  2:27  Roach Warren  
  19  2:32  Queen  
  19  2:34  Hatchery  
  20  2:43  Queen  
  22  2:53  Drone  
  22  2:57  Drone  
  24  3:00  Drone  
  24  3:03  Drone  
  26  3:07  Drone  
  27  3:16  Extractor  
  27  3:18  Pneumatized Carapace  
  26  3:26  Drone x5  
  31  3:35  Queen  
  33  3:58  Roach x4  
  38  4:34  Roach x2  
  38  4:38  Overlord x4  
  42  4:55  Overlord x2  
  42  5:00  Roach x5  
  42  5:01  Roach  
  49  5:43  Spore Crawler  
  45  5:52  Drone x9  
  50  6:02  Queen  
  48  6:14  Spore Crawler  
  48  6:18  Spore Crawler  
  16  6:57  Drone x7  
  23  7:09  Drone x2  
  25  7:21  Drone x2  
  25  7:22  Drone  
  28  7:25  Drone  
  29  7:37  Zergling x2  
Show
View Real Time Build Order
Export as new Build Order

Toibner Terran - Winner!

Build Orders: Hellion Banshee, Mech 

Get SALT Encoding   

  12  0:01  SCV  
  13  0:13  SCV  
  14  0:18  Supply Depot  
  14  0:25  SCV  
  15  0:41  SCV  
  16  0:43  Barracks  
  16  0:51  Refinery  
  16  0:53  SCV  
  17  1:05  SCV  
  18  1:17  SCV  
  19  1:29  Orbital Command  
  19  1:30  Marine  
  20  1:32  Supply Depot  
  20  1:48  Marine  
  21  1:58  SCV  
  22  2:02  Command Center  
  22  2:06  Marine  
  23  2:10  SCV  
  24  2:15  Factory  
  24  2:22  SCV  
  25  2:30  Barracks Reactor  
  25  2:32  Refinery  
  25  2:34  SCV  
  26  2:37  Supply Depot  
  26  2:46  SCV  
  28  2:58  SCV  
  28  3:00  Starport  
  28  3:10  SCV  
  29  3:13  Hellion x2  
  29  3:15  Orbital Command  
  33  3:26  Barracks Tech Lab  
  33  3:30  SCV  
  33  3:31  Engineering Bay  
  34  3:34  Hellion  
  34  3:36  Bunker  
  34  3:39  Hellion  
  38  3:42  SCV  
  38  3:44  SCV  
  40  3:54  Cloaking Field, Banshee  
  45  4:03  Hellion x2  
  47  4:16  SCV  
  46  4:20  SCV  
  46  4:23  Refinery x2  
  47  4:32  Command Center  
  47  4:35  SCV x2  
  49  4:47  SCV  
  49  4:48  SCV  
  51  4:59  SCV, Hellion  
  54  5:05  Factory  
  54  5:06  Factory  
  54  5:38  Supply Depot  
  54  5:39  Supply Depot  
  54  5:40  Supply Depot  
  54  5:44  Hellion, SCV x2, Banshee  
  61  5:50  Orbital Command  
  61  5:53  Factory Tech Lab  
  61  5:54  Factory Tech Lab  
  61  5:56  SCV x2  
  65  6:02  Widow Mine  
  65  6:08  SCV, Hellion  
  68  6:12  Siege Tank x2  
  74  6:20  Armory  
  74  6:27  Banshee  
  72  6:44  Siege Tank x2  
  70  6:58  SCV x3  
  77  7:08  Hellion x2  
  77  7:10  SCV x3  
  80  7:22  SCV x2  
  83  7:24  Factory  
  83  7:28  Starport Reactor  
  88  7:37  Supply Depot  
  88  7:38  Missile Turret, Supply Depot  
  88  7:40  Supply Depot  
Tags
 
League
Gold
Matchup
TvZ
Spawn Locations
Close Positions
Add a new tag
Caveats
  • Supply blocks, unpowered buildings, or Contaminate may cause inaccurate times.
  • Supply counts are checked every 10 seconds.